 Dungeon Sprint DCSS version 0.26-a0-1129-gc5df7fbe6a (webtiles) character file.

Game seed: 10656459424498135354

10744 night the Peltast (level 11, -2/103 HPs)
             Began as a Deep Dwarf Earth Elementalist on Dec 18, 2020.
             Was the Champion of Makhleb.
             Slain by a royal mummy
             ... wielding a +4 scimitar of draining
              (13 damage)
             ... in the Dungeon (Sprint V: "Ziggurat Sprint").
             The game lasted 00:12:32 (698 turns).

night the Peltast (Deep Dwarf Earth Elementalist)    Turns: 698, Time: 00:12:32

Health: -2/103     AC: 27    Str: 15    XL:     11   Next: 40%
Magic:  22/22      EV:  1    Int: 22    God:    Makhleb [******]
Gold:   0          SH: 24    Dex: 13    Spells: 9/25 levels left

rFire    + + .     SeeInvis +   a - +7 Screaming Sword {vorpal, sonic wave}
rCold    + + .     Faith    .   l - +3 tower shield
rNeg     . . .     Spirit   .   H - +5 gold dragon scales
rPois    +         Reflect  .   N - +2 helmet {SInv}
rElec    +         Harm     .   S - +0 cloak {Will+}
rCorr    +         Rampage  .   (no gloves)
Will     ++...     NoTele   +   (no boots)
Stlth    ..........             L - amulet of magic regeneration
HPRegen  0.00/turn              D - +6 ring of intelligence
MPRegen  0.43/turn              (no ring)

@: lethally poisoned (-2 -> -2), resistant, non-regenerating, hasted and slowed
A: damage resistance, heal wounds, sense surroundings 2, no regeneration
a: Heal Wounds, Renounce Religion, Minor Destruction, Lesser Servant of Makhleb,
Major Destruction, Greater Servant of Makhleb


You were in the Dungeon.
You worshipped Makhleb.
Makhleb was exalted by your worship.
You visited 1 branch

Inventory:

Hand Weapons
 a - the +7 Screaming Sword (weapon) {vorpal, sonic wave}
   (You found it in the Dungeon)

   It inflicts extra damage upon your enemies.
 j - the +6 Majin-Bo {vamp, MP+6 Int+6}
   (You found it in the Dungeon)

   It inflicts no extra harm, but heals its wielder when it wounds a living foe.
   It affects your intelligence (+6).
   It affects your magic capacity (+6).
 k - a +5 broad axe
 p - the +8 dagger "Dewnekhla" {vorpal, rN+ Str+3 Int-2 SInv}
   (You found it in the Dungeon)

   It inflicts extra damage upon your enemies.
   It affects your strength (+3).
   It affects your intelligence (-2).
   It protects you from negative energy.
   It lets you see invisible.
Missiles
 b - 30 stones (quivered)
Armour
 c - a +0 robe
 l - a +3 tower shield (worn)
 H - +5 gold dragon scales (worn)
 N - a +2 helmet of see invisible (worn)
 O - the +27 Lear's hauberk
   (You found it in the Dungeon)
 S - a +0 cloak of willpower (worn)
 Z - the +4 skin of Zhor {Englaciate rC+++ SInv}
   (You found it in the Dungeon)

   It renders you almost immune to cold.
   It lets you see invisible.
Magical Staves
 J - an uncursed staff of conjuration
 T - an uncursed staff of fire
 X - an uncursed staff of earth
Jewellery
 A - an uncursed ring of flight
 B - a +6 ring of dexterity
 C - a +6 ring of dexterity
 D - a +6 ring of intelligence (left hand)
 E - a +6 ring of intelligence
 F - a +6 ring of strength
 G - a +6 ring of strength
 L - an amulet of magic regeneration (around neck)
 M - the ring "Luammepn" {rPois rN+ Str-5 Int+6 Dex+2}
   (You found it in the Dungeon)

   [ring of intelligence]

   It affects your strength (-5).
   It affects your intelligence (+6).
   It affects your dexterity (+2).
   It protects you from poison.
   It protects you from negative energy.
 P - a +6 ring of strength
 R - the ring of Hard Scrabble {Ice rN++ Will+ Dex+3}
   (You found it in the Dungeon)

   [ring of ice]

   It enhances your ice magic.
   It affects your dexterity (+3).
   It makes you vulnerable to fire.
   It protects you from cold.
   It greatly protects you from negative energy.
   It affects your willpower, your defense against some magical effects.
 Y - the ring "Weram" {rCorr Str+3}
   (You found it in the Dungeon)

   [ring of resist corrosion]

   It affects your strength (+3).
   It provides partial protection from all sources of acid and corrosion.
Wands
 x - a wand of disintegration (7)
 y - a wand of iceblast (7)
 z - a wand of acid (7)
Scrolls
 i - 3 scrolls of blinking
 r - 4 scrolls of amnesia
 s - 7 scrolls of fog
 t - a scroll of holy word
 u - 5 scrolls of identify
 v - 5 scrolls of remove curse
 w - 2 scrolls of fear
Potions
 d - 10 potions of curing
 e - 4 potions of heal wounds
 f - 5 potions of haste
 g - 7 potions of magic
 h - 3 potions of berserk rage
 m - 2 potions of brilliance
 n - 2 potions of invisibility
 o - 3 potions of resistance
 q - 5 potions of might
 U - 2 potions of lignification {unknown}
 V - a potion of ambrosia {unknown}
 W - a potion of attraction {unknown}
Miscellaneous
 I - a tin of tremorstones (2/2)
 K - a lightning rod (4/4)
 Q - a phial of floods


   Skills:
 - Level 8.0 Fighting
 - Level 9.0 Long Blades
 - Level 9.9 Armour
 - Level 2.1 Dodging
 - Level 2.4 Stealth
 + Level 20.5 Shields
 - Level 7.6 Spellcasting
 - Level 0.8 Transmutations
 - Level 11.9 Earth Magic


You had 9 spell levels left.
You knew the following spells:

 Your Spells              Type           Power        Failure   Level
a - Sandblast             Erth           100%         36%         1
b - Statue Form           Tmut/Erth      24%          100%        6
c - Shatter               Erth           28%          100%        9

Your spell library contained the following spells:

 Spells                   Type           Power        Failure   Level
 Passwall                 Tmut/Erth      30%          99%         2
 Conjure Flame            Conj/Fire      8%           100%        3
 Gell's Gravitas          Tloc           4%           100%        3
 Mephitic Cloud           Conj/Pois/Air  8%           100%        3
 Portal Projectile        Hex/Tloc       16%          100%        3
 Stone Arrow              Conj/Erth      68%          100%        3
 Ice Form                 Ice/Tmut       10%          100%        4
 Iskenderun's Mystic Bla  Conj/Tloc      8%           100%        4
 Leda's Liquefaction      Hex/Erth       17%          100%        4
 Petrify                  Tmut/Erth      36%          100%        4
 Bolt of Magma            Conj/Fire/Erth 12%          100%        5
 Fireball                 Conj/Fire      4%           100%        5
 Iskenderun's Battlesphe  Conj           8%           100%        5
 Lee's Rapid Deconstruct  Erth           28%          100%        5
 Dispersal                Tloc           4%           100%        6
 Iron Shot                Conj/Erth      17%          100%        6
 Orb of Destruction       Conj           4%           100%        7
 Spellforged Servitor     Conj/Summ      4%           100%        7
 Disjunction              Tloc           4%           100%        8


Dungeon Overview and Level Annotations

Branches:
Dungeon (1/1)

Altars:
Ashenzari
Cheibriados
Dithmenos
Elyvilon
Fedhas
Gozag
Hepliaklqana
Kikubaaqudgha
Makhleb
Nemelex Xobeh
Okawaru
Qazlal
Ru
Sif Muna
Trog
Uskayaw
Vehumet
Wu Jian
Xom
Yredelemnul
Zin
The Shining One
Beogh
Jiyva
Lugonu

Annotations:
D 1 transporter


Innate Abilities, Weirdness & Mutations

You are resistant to damage.
You can heal yourself by infusing magical energy.
You passively map the area around you.
You do not regenerate.


Message History

The jiangshi is heavily damaged.
You destroy the ushabti!
Makhleb accepts your kill.
You feel better.
The royal mummy is moderately damaged.
The mummy priest is almost destroyed.
The jiangshi is almost destroyed.
The jiangshi claws you but does no damage.
You block the jiangshi's attack.
The jiangshi claws you but does no damage.
You block the jiangshi's attack. The royal mummy completely misses you.
The jiangshi claws you!
* * * LOW HITPOINT WARNING * * *
The jiangshi draws strength from your injuries!
The jiangshi barely misses you.
The flayed ghost cries, "Feel what I felt!"
You hit the jiangshi but do no damage.
The jiangshi is almost destroyed.
You block the jiangshi's attack. x2
The royal mummy hits you with a +4 scimitar of draining!
You die...

,
,,▓...).)...▓..||...▓
, ,
▓.........▓.......▓ ,
,▓.........▓.......▓
,
,▓.........▓.))....▓
* ▓.).......▓.......▓
, ▓)▓[....▓.▓†▓...▓.▓
, ,
▓.)).©....▓...©...▓ *
* ▓▓▓▓▓▓▓▓▓▓▓▓▓▓▓▓▓▓▓
, , ▓@VV8©8...▓ , *,
,,, , ▓VM)W.}}..▓ , ,
, ,, ▓M.).)}:..▓ , ,
▓§........▓ , , , ,
▓.........▓ ,,
▓.........▓ , , ,, ,
▓.........▓ *, ,,
▓.........▓ , ,
▓....©.°..▓


You could see a royal mummy, a mummy priest, 2 jiangshi, a flayed ghost
(summoned) and a vampire (summoned).

Vanquished Creatures
  A mummy priest (D)
  Erica (D)
  2 two-headed ogres (D)
  A dancing weapon (D)
  A death scarab (D)
  5 deep elf magi (D)
  A naga mage (D)
  An eye of devastation (D)
  2 guardian mummies (D)
  4 merfolk (D)
  2 trolls (D)
  A slime creature (D)
  Sigmund (D)
  An ushabti (D)
  2 golden eyes (D)
  2 nagas (D)
  2 water moccasins (D)
  Edmund (D)
  Duvessa (D)
  3 ogres (D)
  Blork the orc (D)
  Dowan (D)
  3 jellies (D)
  Crazy Yiuf (D)
  Jessica (D)
  A mummy (D)
  3 adders (D)
  An adder skeleton (D)
  2 adder zombies (D)
  A ball python (D)
  A leopard gecko skeleton (D)
  A quokka zombie (D)
52 creatures vanquished.

Notes
Turn   | Place    | Note
-------+----------+-------------------------------------------
     0 | D        | night the Deep Dwarf Earth Elementalist began the quest for
                  | the Orb.
     0 | D        | Reached XP level 1. HP: 15/15 MP: 3/3
     2 | D        | Found a bloodstained altar of Trog.
     2 | D        | Found a shimmering blue altar of Sif Muna.
     2 | D        | Found a sacrificial altar of Ru.
     2 | D        | Found a stormy altar of Qazlal.
     8 | D        | Found a blossoming altar of Fedhas.
     9 | D        | Found the +6 Majin-Bo {vamp, MP+6 Int+6}
     9 | D        | Found the +9 heavy crossbow "Sniper" {vorpal, Acc+∞ SInv}
     9 | D        | Found the +10 dark maul {vorpal}
     9 | D        | Found the +15 Maxwell's patent armour {-Cast -Tele rElec
                  | Will+ rCorr}
     9 | D        | Found the +18 shield of the Gong {rElec rN+ Will+ EV-5}
     9 | D        | Found the cursed +14 obsidian axe {vorpal, +Fly SInv
                  | *Curse}
     9 | D        | Found the +7 great mace "Firestarter" {inner flame, rF++}
     9 | D        | Found the +6 shillelagh "Devastator" {shatter}
     9 | D        | Found the +11 plutonium sword {*Contam Stlth-}
     9 | D        | Found the +8 lance "Wyrmbane" {slay drac, rPois rF+ rC+
                  | AC+3}
     9 | D        | Found the +9 sword of Zonguldrok {reap}
     9 | D        | Found the cursed +13 scythe of Curses {drain, *Curse}
     9 | D        | Found the +5 sword of Power {vorpal}
     9 | D        | Found the +7 mace of Variability {chain chaos}
     9 | D        | Found the +7 Singing Sword {vorpal, sonic wave}
     9 | D        | Found the +8 storm bow {elec, penet}
     9 | D        | Found a transporter.
     9 | D        | Found a viscous altar of Jiyva.
     9 | D        | Found an ancient bone altar of Kikubaaqudgha.
     9 | D        | Found a hazy altar of Hepliaklqana.
     9 | D        | Found a corrupted altar of Lugonu.
     9 | D        | Found an opulent altar of Gozag.
     9 | D        | Found a burning altar of Makhleb.
    14 | D        | Found an iron altar of Okawaru.
    14 | D        | Found a sparkling altar of Nemelex Xobeh.
    24 | D        | Became a worshipper of Makhleb the Destroyer
   123 | D        | Entered arena 2.
   123 | D        | Noticed a troll
   123 | D        | Noticed a two-headed ogre
   123 | D        | Found a transporter.
   126 | D        | Killed a troll
   127 | D        | Reached skill level 5 in Armour
   127 | D        | Reached skill level 4 in Shields
   127 | D        | Reached XP level 2. HP: 9/30 MP: 4/7
   127 | D        | Reached XP level 3. HP: 11/36 MP: 4/8
   127 | D        | Reached XP level 4. HP: 14/44 MP: 5/10
   127 | D        | Reached XP level 5. HP: 16/50 MP: 5/11
   129 | D        | Killed a two-headed ogre
   130 | D        | Reached skill level 7 in Shields
   130 | D        | Reached skill level 5 in Spellcasting
   130 | D        | Reached XP level 6. HP: 20/62 MP: 5/14
   130 | D        | Reached XP level 7. HP: 22/69 MP: 5/15
   138 | D        | Entered arena 3.
   138 | D        | Found a transporter.
   139 | D        | Reached skill level 10 in Shields
   139 | D        | Reached XP level 8. HP: 25/76 MP: 6/16
   142 | D        | Reached * piety under Makhleb
   147 | D        | Reached skill level 10 in Earth Magic
   214 | D        | Got the +8 dagger "Dewnekhla" {vorpal, rN+ Str+3 Int-2
                  | SInv}
   223 | D        | Entered arena 4.
   223 | D        | Found a transporter.
   227 | D        | Reached ** piety under Makhleb
   249 | D        | Learned a level 6 spell: Statue Form
   260 | D        | Entered arena 5.
   260 | D        | Noticed a merfolk
   260 | D        | Noticed a merfolk
   260 | D        | Noticed a merfolk
   260 | D        | Noticed a merfolk
   260 | D        | Found a transporter.
   265 | D        | Killed a merfolk
   265 | D        | Reached *** piety under Makhleb
   266 | D        | Reached skill level 11 in Shields
   266 | D        | Gained mutation: You passively map the area around you.
                  | [Deep Dwarf growth]
   266 | D        | Reached XP level 9. HP: 42/85 MP: 18/18
   273 | D        | Killed a merfolk
   273 | D        | Killed a merfolk
   276 | D        | Killed a merfolk
   281 | D        | Got the ring "Luammepn" {rPois rN+ Str-5 Int+6 Dex+2}
   395 | D        | Entered arena 6.
   395 | D        | Noticed a troll
   395 | D        | Noticed a two-headed ogre
   395 | D        | Found a transporter.
   402 | D        | Reached **** piety under Makhleb
   402 | D        | Killed a troll
   404 | D        | Killed a two-headed ogre
   405 | D        | Reached skill level 12 in Shields
   419 | D        | Got the Reference Book on the Excruciating Glacier
   427 | D        | Entered arena 7.
   427 | D        | Noticed a deep elf mage
   427 | D        | Noticed a deep elf mage
   427 | D        | Noticed a +3 trident of protection
   427 | D        | Noticed a deep elf mage
   427 | D        | Noticed a deep elf mage
   427 | D        | Noticed a deep elf mage
   428 | D        | Found the +27 Lear's hauberk
   439 | D        | Killed a deep elf mage
   439 | D        | Reached ***** piety under Makhleb
   440 | D        | Reached skill level 13 in Shields
   440 | D        | Reached XP level 10. HP: 78/96 MP: 21/21
   441 | D        | Killed a +3 trident of protection
   441 | D        | Killed a deep elf mage
   442 | D        | Reached skill level 15 in Shields
   442 | D        | Killed a deep elf mage
   442 | D        | Killed a deep elf mage
   443 | D        | Reached skill level 16 in Shields
   452 | D        | Killed a deep elf mage
   454 | D        | Found a transporter.
   485 | D        | Entered arena 8.
   485 | D        | Noticed a naga mage
   492 | D        | Reached skill level 17 in Shields
   492 | D        | Found a transporter.
   497 | D        | Killed a naga mage
   497 | D        | Reached ****** piety under Makhleb
   522 | D        | Learned a level 9 spell: Shatter
   524 | D        | Entered arena 9.
   524 | D        | Noticed an eye of devastation
   529 | D        | Found a transporter.
   544 | D        | Killed an eye of devastation
   545 | D        | Reached skill level 18 in Shields
   545 | D        | Reached XP level 11. HP: 100/103 MP: 22/22
   587 | D        | Got the ring of Hard Scrabble {Ice rN++ Will+ Dex+3}
   602 | D        | Got the amulet of Ygiunimp {Inacc rPois Str+2}
   613 | D        | Entered arena 10.
   613 | D        | Noticed Sigmund
   613 | D        | Noticed Jessica
   613 | D        | Noticed Blork the orc
   613 | D        | Noticed Crazy Yiuf
   613 | D        | Noticed Dowan
   613 | D        | Noticed Duvessa
   613 | D        | Noticed Edmund
   613 | D        | Noticed Erica
   614 | D        | Found the +4 skin of Zhor {Englaciate rC+++ SInv}
   614 | D        | Found the +3 sling "Punk" {acid, rCorr}
   624 | D        | Killed Jessica
   624 | D        | Killed Blork the orc
   625 | D        | Killed Erica
   628 | D        | Killed Sigmund
   628 | D        | Killed Crazy Yiuf
   628 | D        | Killed Edmund
   629 | D        | Reached skill level 19 in Shields
   629 | D        | Killed Dowan
   630 | D        | Killed Duvessa
   637 | D        | Found a transporter.
   660 | D        | Got the ring "Weram" {rCorr Str+3}
   670 | D        | Entered arena 11.
   670 | D        | Noticed a mummy priest
   670 | D        | Noticed a royal mummy
   670 | D        | Noticed a death scarab
   670 | D        | Noticed a mummy priest
   671 | D        | Found a transporter.
   679 | D        | Noticed a mana viper
   679 | D        | Noticed a mana viper
   683 | D        | Noticed a flayed ghost
   685 | D        | Noticed a shadow wraith
   688 | D        | HP: 6/103 [royal mummy/divine providence (12)]
   690 | D        | Noticed a jiangshi
   691 | D        | Killed a death scarab
   695 | D        | Noticed a flayed ghost
   695 | D        | Noticed a jiangshi
   696 | D        | Killed a mummy priest
   696 | D        | HP: 11/103 [jiangshi[a royal mummy] (7)]
   697 | D        | Reached skill level 20 in Shields
   698 | D        | Slain by a royal mummy

Illustrated notes

Levels and vault maps discovered:
D:        sprint_v [room_start, room_1, room_2, room_3, room_4, room_5, room_6,
          room_7, room_8, room_9, room_10, room_11, room_12, room_13, room_14,
          room_15, room_16, room_17, room_18, room_19, room_20, room_21,
          room_22, room_23, room_24, room_25, room_26, room_27]

Skill      XL: |  1  2  3  4  5  6  7  8  9 10 11 |
---------------+----------------------------------+-----
Fighting       | 4 6 8 |  8.0
Long Blades    | 4 6 7 9 |  9.0
Armour         | 5 7 8 9 |  9.9
Shields        | 4 7 10 11 13 18 20 | 20.5
Spellcasting   | 4 5 6 7 |  7.6
Earth Magic    | 7 9 10 11 | 11.9
Dodging        | |  2.1
Stealth        | |  2.4
Transmutations | |  0.8

Action                   |  1- 3 |  4- 6 |  7- 9 | 10-12 || total
-------------------------+-------+-------+-------+-------++-------
Melee: Double sword      |     2 |     3 |    38 |    48 ||    91
Evoke: Lightning rod     |       |       |       |     1 ||     1
       Tin of tremorston |       |       |       |     1 ||     1
  Use: Potion            |       |       |     3 |     6 ||     9
       Scroll            |       |       |       |     1 ||     1
Armor: Gold dragon scale |       |     1 |    38 |    51 ||    90
Dodge: Dodged            |       |       |       |     3 ||     3
Block: Tower shield      |     4 |     5 |    53 |    77 ||   139

Table legend: (Time is in decaauts)
 A = Elapsed time spent in this place.
 B = Non-inter-level travel time spent in this place.
 C = Inter-level travel time spent in this place.
 D = Time resting spent in this place.
 E = Time spent auto-exploring this place.
 F = Levels seen in this place.
 G = Mean time per level.
                   A        B        C        D        E       F      G
               +--------+--------+--------+--------+--------+-----+--------+
         Total |    711 |    711 |      0 |    186 |      0 |   1 |  711.0 |
       Dungeon |    711 |    711 |      0 |    186 |      0 |   1 |  711.0 |
               +--------+--------+--------+--------+--------+-----+--------+

Top non-repeatable levels by time:
       D: 711 daAuts
